 Dungeon Crawl Stone Soup version 0.25.0-45-g978344163c (webtiles) character file.

Game seed: 1665626465368959208

101 raph the Changer (level 4, -2/35 HPs)
             Began as a Draconian Transmuter on June 27, 2020.
             Was an Initiate of Qazlal.
             Slain by a gnoll
             ... wielding a +0 spear
              (5 damage)
             ... on level 3 of the Dungeon on July 11, 2020.
             The game lasted 00:05:21 (2224 turns).

raph the Changer (Draconian Transmuter)             Turns: 2224, Time: 00:05:21

Health: -2/35      AC:  6    Str: 12    XL:     4   Next: 48%
Magic:  6/7        EV: 12    Int: 14    God:    Qazlal [......]
Gold:   84         SH:  5    Dex: 12    Spells: 4/7 levels left

rFire    . . .     SeeInvis .     - Unarmed
rCold    . . .     Gourm    .   (no shield)
rNeg     . . .     Faith    .   (armour unavailable)
rPois    .         Spirit   .   (helmet restricted)
rElec    .         Reflect  +   (no cloak)
rCorr    .         Harm     .   (no gloves)
MR       .....                  l - +0 pair of boots
Stlth    +.........             j - amulet of reflection
HPRegen  0.11/turn              (no ring)
MPRegen  0.10/turn              (no ring)

@: appendage
A: unfitting armour, horns 2, cold-blooded, AC +5
a: End Transformation, Renounce Religion


You were on level 3 of the Dungeon.
You worshipped Qazlal.
Qazlal was noncommittal.
You were not hungry.
You had grown temporary horns.
You visited 1 branch of the dungeon, and saw 3 of its levels.

You collected 84 gold pieces.

Inventory:

Hand Weapons
 k - a +3 dagger
 m - a +0 dagger of holy wrath
Missiles
 a - 35 arrows
 o - 11 poisoned darts (quivered)
Armour
 l - a +0 pair of boots (worn)
Jewellery
 j - an amulet of reflection (around neck)
Scrolls
 b - 2 scrolls of blinking {unknown}
 d - 3 scrolls of teleportation {unknown}
 e - 2 scrolls of identify {unknown}
 f - a scroll of enchant armour {unknown}
 i - 3 scrolls of magic mapping {unknown}
 n - a scroll of fear {unknown}
Potions
 g - a potion of cancellation {unknown}
Comestibles
 c - 6 rations
 h - a chunk of flesh


   Skills:
 - Level 1.1 Fighting
 - Level 1.7 Dodging
 - Level 3.0 Unarmed Combat
 - Level 2.0 Spellcasting
 + Level 4.8 Transmutations


You had 4 spell levels left.
You knew the following spells:

 Your Spells              Type           Power        Failure   Level  Hunger
a - Beastly Appendage     Tmut           ##....       3%          1    ##.....
b - Sticks to Snakes      Tmut           ##......     4%          2    ###....

Your spell library contained the following spells:

 Spells                   Type           Power        Failure   Level  Hunger
 Spider Form              Tmut/Pois      #.........   26%         3    ####...
 Ice Form                 Ice/Tmut       #.......     65%         4    #####..
 Blade Hands              Tmut           ##........   67%         5    ######.


Dungeon Overview and Level Annotations

Branches:
Dungeon (3/15)

Altars:
Qazlal


Innate Abilities, Weirdness & Mutations

Your plain brown scales are hard. (AC +5)
You cannot fit into any form of body armour.
You are cold-blooded and may be slowed by cold attacks.
You have a pair of horns on your head.


Message History

The gnoll hits you from afar with a +0 spear.
You block the leopard gecko's attack.
You barely miss the leopard gecko. You tail-slap the leopard gecko.
The leopard gecko is heavily wounded.
The gnoll misses you. The leopard gecko closely misses you.
You closely miss the leopard gecko. Your headbutt misses the leopard gecko.
You tail-slap the leopard gecko.
You kill the leopard gecko!
Qazlal accepts your kill.
The gnoll hits you from afar with a +0 spear.
* * * LOW HITPOINT WARNING * * *
The gnoll closely misses you.
You hit the gnoll.
The gnoll is lightly wounded.
The gnoll hits you with a +0 spear.
* * * LOW HITPOINT WARNING * * *
You hit the gnoll but do no damage.
The gnoll is lightly wounded.
The gnoll hits you with a +0 spear.
You die...

....)........#.............
.....................##.##. .....
...................### .# ....
..................## . ....
.................## #...
.................# #...
.................# #...
.................# #...
.........###.###@# #.<.
.........# #.# #g# #..#
....#....###.###.## ##...
.........#........## ##....
...................# ##.....
................###########......
##.#..............g..............
. #...###...................#...
####................#........#...


You could see a gnoll.

Vanquished Creatures
  3 adders
  2 oozes
  2 worms (D:3)
  3 dart slugs
  4 leopard geckos
  A ball python (D:1)
  3 giant cockroaches
  8 goblins
  4 hobgoblins (D:1)
  6 bats (D:1)
  8 kobolds
  7 rats
51 creatures vanquished.

Notes
Turn   | Place    | Note
-------+----------+-------------------------------------------
     0 | D:1      | raph the Draconian Transmuter began the quest for the Orb.
     0 | D:1      | Reached XP level 1. HP: 16/16 MP: 3/3
     0 | D:1      | Upgraded the game from 0.25.0-11-g1f837a76a1 to
                  | 0.25.0-45-g978344163c
   143 | D:1      | Reached XP level 2. HP: 8/23 MP: 3/5
   606 | D:1      | Reached skill level 3 in Transmutations
  1113 | D:1      | Reached XP level 3. HP: 25/28 MP: 6/6
  1117 | D:1      | Learned a level 2 spell: Sticks to Snakes
  1492 | D:2      | Reached skill level 4 in Transmutations
  1586 | D:2      | Found a stormy altar of Qazlal.
  1590 | D:2      | Became a worshipper of Qazlal Stormbringer
  1620 | D:2      | You fall into a shaft and drop 1 floor!
  1659 | D:3      | Reached XP level 4. HP: 27/35 MP: 7/7
  2224 | D:3      | Slain by a gnoll

Illustrated notes

Levels and vault maps discovered:
D:1:      dpeg_arrival_stonehenge_8_columns, layout_loops_ring
D:2:      layout_basic, overflow_temple_1_default, lightli_temple_of_fire,
          lemuel_blue_sif_altar, chequers_hall_statues_wall_a, uniq_natasha
D:3:      layout_basic, tgw_trog, first_ration

Skill      XL: |  1  2  3 |
---------------+----------+-----
Transmutations | 3 4 |  4.8
Fighting       | |  1.1
Dodging        | |  1.7
Unarmed Combat | |  3.0
Spellcasting   | |  2.0

Action                   |  1- 3 |  4- 6 || total
-------------------------+-------+-------++-------
Melee: Unarmed           |   132 |    48 ||   180
       Headbutt          |    14 |     4 ||    18
       Tailslap          |    10 |     3 ||    13
       Kick              |     2 |       ||     2
       Punch             |     1 |     1 ||     2
 Cast: Beastly Appendage |    29 |     8 ||    37
  Eat: Chunk             |     3 |     2 ||     5
Armor: Skin              |    34 |     9 ||    43
Dodge: Dodged            |    97 |    36 ||   133
Block: Other             |    34 |     8 ||    42
       Reflection        |     1 |       ||     1
